 Dungeon Crawl Stone Soup version 0.27-a0-1557-g57f10a385c (webtiles) character file.

Game seed: 12929519101501847414

229 gimp the Chopper (level 6, -8/49 HPs)
             Began as a Formicid Monk on July 16, 2021.
             Killed from afar by a steam dragon (22 damage)
             ... with a ball of steam
             ... on level 6 of the Dungeon.
             The game lasted 00:04:21 (3895 turns).

gimp the Chopper (Formicid Monk)                    Turns: 3895, Time: 00:04:22

Health: -8/49      AC: 11    Str: 24    XL:     6   Next: 23%
Magic:  6/6        EV:  7    Int:  9    God:
Gold:   135        SH:  0    Dex: 13    Spells: 5/5 levels left

rFire    . . .     SeeInvis +   a - +0 hand axe
rCold    . . .     Faith    .   (no shield)
rNeg     . . .     Spirit   .   j - +0 plate armour
rPois    .         Reflect  .   (helmet unavailable)
rElec    .         Harm     .   (no cloak)
rCorr    .         Rampage  .   (no gloves)
Will     .....                  (no boots)
Stlth    ..........             (no amulet)
HPRegen  0.16/turn              c - +6 ring of strength
MPRegen  0.10/turn              (no ring)

@: no status effects
A: permanent stasis, dig shafts and tunnels, antennae 3, four strong arms
a: Dig, Shaft Self


You were on level 6 of the Dungeon.
You visited 1 branch of the dungeon, and saw 4 of its levels.

You collected 135 gold pieces.

Inventory:

Hand Weapons
 a - a +0 hand axe (weapon)
Armour
 e - a +0 chain mail
 j - a +0 plate armour (worn)
Jewellery
 c - a +6 ring of strength (left hand)
 g - a +6 ring of intelligence
Scrolls
 b - a scroll of enchant armour {unknown}
 d - 2 scrolls of identify {unknown}
 k - a scroll of fog {unknown}
 l - a scroll of amnesia {unknown}
 m - a scroll of enchant weapon {unknown}
 o - a scroll of fear {unknown}
Potions
 f - 3 potions of brilliance {unknown}
 h - 2 potions of attraction {unknown}
 i - 2 potions of curing {unknown}
 n - 3 potions of haste {unknown}


   Skills:
 + Level 4.5 Fighting
 * Level 5.0 Axes
 + Level 2.8 Armour
 - Level 2.6 Dodging
 - Level 2.4 Stealth


You had 5 spell levels left.
You didn't know any spells.
Your spell library contained the following spells:

 Spells                   Type           Power      Damage    Failure   Level
 Ignite Poison            Fire/Tmut/Pois 0%         N/A       100%        3
 Mephitic Cloud           Conj/Pois/Air  0%         N/A       100%        3
 Bolt of Magma            Conj/Fire/Erth 0%         4d4       100%        5


Dungeon Overview and Level Annotations

Branches:
Dungeon (3/15)

Altars:
Qazlal

Shops:
D:1 *

Annotations:
D:3 Sigmund


Innate Abilities, Weirdness & Mutations

You cannot be hasted, slowed, berserked, paralysed or teleported.
You can dig through walls and to a lower floor.
You have a pair of large antennae on your head. (SInv)
Your four strong arms can wield two-handed weapons with a shield.


Message History

Increase (S)trength, (I)ntelligence, or (D)exterity?
You feel stronger.
MP restored: 6
Found a fustibalus.
You see here a +0 fustibalus.
Found a scroll labelled USHRE IWOUHAPP.
A steam dragon comes into view.
Found a hand axe.
The steam dragon hisses angrily.
Health restored: 49 You aren't carrying any items that you can evoke.
Unknown command.
Found a short glass wand.
Okay, then.
The steam dragon breathes steam at you. The ball of steam hits you!
You take 11 damage, and have 38/49 hp.
MASSIVE DAMAGE!!
The steam dragon bites you but does no damage.
The steam dragon claws you but does no damage.
You hit the steam dragon.
The steam dragon is lightly wounded.
The steam dragon barely misses you.
The steam dragon claws you but does no damage.
You hit the steam dragon.
The steam dragon is lightly wounded.
The steam dragon bites you!
The steam dragon claws you but does no damage.
You take 9 damage, and have 30/49 hp.
You hit the steam dragon.
The steam dragon is moderately wounded.
The steam dragon breathes steam at you. The ball of steam hits you!
* * * LOW HITPOINT WARNING * * *
You hear a shout!
You take 16 damage, and have 14/49 hp.
MASSIVE DAMAGE!!
You barely miss the steam dragon.
The steam dragon is moderately wounded.
The steam dragon breathes steam at you. The ball of steam hits you!!
You die...

#...## ########
##...#### #......#
#......###......#
##.......#§.....##+
###....§..§.......
####.§§§.....#
####.§....#
#......# #..@D?.# {
#......#
##.........
#..###≈.)≈# #.#.
#≈≈#. ..#.⌠ ≈≈#
#..#/.. ≈# ##..###
≈


You could see a steam dragon (catching breath).

Vanquished Creatures
  A wyvern zombie (D:6)
  A hound (D:6)
  7 gnolls
  2 adders
  A worm (D:2)
  2 dart slugs (D:2)
  6 endoplasms
  4 giant cockroaches
  4 goblins
  A hobgoblin (D:2)
  3 quokkas
  6 ball pythons
  2 bats (D:1)
  7 frilled lizards
  6 kobolds
  4 rats
57 creatures vanquished.

Notes
Turn   | Place    | Note
-------+----------+-------------------------------------------
     0 | D:1      | gimp the Formicid Monk began the quest for the Orb.
     0 | D:1      | Reached XP level 1. HP: 18/18 MP: 1/1
    27 | D:1      | Found Hegeuluodd's General Store.
   120 | D:1      | Found a faded altar of an unknown god.
   197 | D:1      | Reached XP level 2. HP: 21/24 MP: 2/2
   787 | D:1      | Reached skill level 1 in Armour
   819 | D:1      | Reached XP level 3. HP: 28/29 MP: 3/3
  1691 | D:1      | Reached skill level 4 in Axes
  1691 | D:1      | Reached XP level 4. HP: 24/37 MP: 4/4
  1904 | D:2      | Found a stormy altar of Qazlal.
  2359 | D:2      | Reached XP level 5. HP: 31/42 MP: 5/5
  3520 | D:3      | Noticed Sigmund
  3524 | D:3      | You fall into a shaft and drop 3 floors!
  3572 | D:6      | Reached skill level 5 in Axes
  3572 | D:6      | Reached XP level 6. HP: 4/49 MP: 6/6
  3885 | D:6      | Noticed a steam dragon
  3895 | D:6      | Killed from afar by a steam dragon

Illustrated notes

Levels and vault maps discovered:
D:1:      psy_arrival_basics, layout_basic,
          chequers_ecumenical_altar_simple_redux, serial_shops, shop,
          minmay_misc_feat_plants
D:2:      layout_basic, basic_altar
D:3:      layout_basic, uniq_robin, uniq_sigmund
D:6:      layout_basic, nicolae_qazlal_general_emergency,
          minmay_temple_entry_ruins, serial_curves, eino_curves_04,
          eino_curves_03, hex_medium, supply_closet_lemuel, fountainhead

Skill      XL: |  1  2  3  4  5 |
---------------+----------------+-----
Armour         | 1 2 |  2.8
Axes           | 4 5 |  5.0
Fighting       | 4 |  4.5
Dodging        | |  2.6
Stealth        | |  2.4

Action                   |  1- 3 |  4- 6 || total
-------------------------+-------+-------++-------
Melee: Hand axe          |    96 |   137 ||   233
 Abil: Dig               |     1 |       ||     1
       Shaft Self        |       |     1 ||     1
 Stab: Sleeping          |     4 |       ||     4
Armor: Robe              |    10 |       ||    10
       Chain mail        |    28 |    32 ||    60
       Plate armour      |       |    34 ||    34
Dodge: Dodged            |    51 |    53 ||   104

Table legend: (Time is in decaauts)
 A = Elapsed time spent in this place.
 B = Non-inter-level travel time spent in this place.
 C = Inter-level travel time spent in this place.
 D = Time resting spent in this place.
 E = Time spent auto-exploring this place.
 F = Levels seen in this place.
 G = Mean time per level.
                   A        B        C        D        E       F      G
               +--------+--------+--------+--------+--------+-----+--------+
         Total |   3920 |   3828 |     92 |    108 |   3032 |   4 |  980.0 |
       Dungeon |   3920 |   3828 |     92 |    108 |   3032 |   4 |  980.0 |
               +--------+--------+--------+--------+--------+-----+--------+

Top non-repeatable levels by time:
     D:1: 1828 daAuts
     D:2: 1375 daAuts
     D:6: 372 daAuts
     D:3: 344 daAuts
